 Dungeon Crawl Stone Soup version 0.28.0-53-g5a82cb258f (webtiles) character file.

Game seed: 10807884296652035409

231 pkoi the Stinger (level 5, -4/38 HPs)
             Began as a Demigod Venom Mage on June 6, 2022.
             Killed from afar by Ijyb (5 damage)
             ... with a puff of flame
             ... on level 4 of the Dungeon.
             The game lasted 00:05:17 (4537 turns).

pkoi the Stinger (Demigod Venom Mage)               Turns: 4537, Time: 00:05:18

Health: -4/38      AC:  2    Str:  9    XL:     5   Next: 44%
Magic:  4/10       EV: 12    Int: 21    God:
Gold:   82         SH:  0    Dex: 14    Spells: 1/7 levels left

rFire   . . .      SeeInvis .   b - +0 trident
rCold   . . .      Faith    .   (no shield)
rNeg    . . .      Spirit   .   a - +0 robe
rPois   .          Reflect  .   (no helmet)
rElec   .          Harm     .   (no cloak)
rCorr   .          Rampage  .   (no gloves)
Will    .....                   (no boots)
Stlth   ++........              (no amulet)
HPRegen 0.12/turn               (no ring)
MPRegen 0.12/turn               (no ring)

@: no status effects
A: high MP 1, forlorn, divine attributes
a: no special abilities


You were on level 4 of the Dungeon.
You visited 1 branch of the dungeon, and saw 4 of its levels.

You collected 82 gold pieces.

Inventory:

Hand Weapons
 b - a +0 trident (weapon)
 k - a +0 whip
Armour
 a - a +0 robe (worn)
 c - the +2 ring mail of the Solstice {rElec Will+ Str+4 Dex-4}
   (You found it on level 2 of the Dungeon)

   Str:       It affects your strength (+4).
   Dex:       It affects your dexterity (-4).
   rElec:     It insulates you from electricity.
   Will:      It increases your willpower.
Jewellery
 d - a ring of ice
Scrolls
 f - 2 scrolls of teleportation
 g - a scroll of identify
 l - a scroll of vulnerability {unknown}
Potions
 e - a potion of attraction
 h - a potion of cancellation
 i - 2 potions of brilliance
 j - a potion of lignification


   Skills:
 + Level 1.7 Armour
 - Level 1.7 Dodging
 - Level 1.7 Stealth
 + Level 2.9 Unarmed Combat
 - Level 1.7 Spellcasting
 - Level 0.8 Transmutations
 * Level 4.5 Poison Magic


You had one spell level left.
You knew the following spells:

 Your Spells              Type           Power      Damage    Failure   Level
a - Sting                 Tmut/Pois      52%        1d5       4%          1
b - Poisonous Vapours     Pois/Air       22%        N/A       9%          2
c - Mephitic Cloud        Conj/Pois/Air  8%         N/A       24%         3

Your spell library contained the following spells:

 Spells                   Type           Power      Damage    Failure   Level
 Olgreb's Toxic Radiance  Pois           20%        N/A       24%         4


Dungeon Overview and Level Annotations

Branches:
Dungeon (4/15)
 Temple: D:4-7

Annotations:
D:4 Ijyb


Innate Abilities, Weirdness & Mutations

You have an increased reservoir of magic. (+10% MP)
You shall have no god before yourself.
Your divine heritage dramatically boosts your attributes as you level up.


Message History

Aiming: Sting (safe; 4% risk of failure)
Press: ? - help, Q - select action, (/) - cycle Shift-Dir - straight line, f/p - Ijyb
Aim: Ijyb, wielding a +0 club, wearing a +0 ring mail and carrying a wand of flame (23) (lightly wounded, poisoned, 68% to hit)
The sting hits Ijyb.
Ijyb looks even sicker.
Ijyb is lightly wounded.
Ijyb zaps a wand.
The puff of flame hits you.
Aiming: Sting (safe; 4% risk of failure)
Press: ? - help, Q - select action, (/) - cycle Shift-Dir - straight line, f/p - Ijyb
Aim: Ijyb, wielding a +0 club, wearing a +0 ring mail and carrying a wand of flame (22) (lightly wounded, very poisoned, 68% to hit)
The sting hits Ijyb.
Ijyb looks even sicker.
Ijyb is lightly wounded.
Ijyb zaps a wand.
The puff of flame hits you!
* * * LOW HITPOINT WARNING * * *
Aiming: Sting (safe; 4% risk of failure)
Press: ? - help, Q - select action, (/) - cycle Shift-Dir - straight line, f/p - Ijyb
Aim: Ijyb, wielding a +0 club, wearing a +0 ring mail and carrying a wand of flame (21) (lightly wounded, very poisoned, 68% to hit)
The sting hits Ijyb.
Ijyb looks as sick as possible!
Ijyb is moderately wounded.
Ijyb zaps a wand.
The puff of flame hits you.
* * * LOW HITPOINT WARNING * * *
Ijyb zaps a wand.
The puff of flame hits you!
* * * LOW HITPOINT WARNING * * *
Ijyb zaps a wand.
The puff of flame hits you!
* * * LOW HITPOINT WARNING * * *
Aiming: Sting (safe; 4% risk of failure)
Press: ? - help, Q - select action, (/) - cycle Shift-Dir - straight line, f - you, p - Ijyb That beam is likely to hit you.
Continue anyway? [Y]es or [N]o only, please.
That beam is likely to hit you.
Continue anyway? [Y]es or [N]o only, please.
That beam is likely to hit you.
Continue anyway?
Okay, then.
Casting: Sting (safe; 4% risk of failure)
Confirm with . or Enter, or press ? or * to list all spells.
Aiming: Poisonous Vapours (safe; 9% risk of failure)
Press: ? - help, Dir - move target, f - Ijyb
Aim: Ijyb, wielding a +0 club, wearing a +0 ring mail and carrying a wand of flame (18) (almost dead, very poisoned) Poisonous vapours surround Ijyb!
Ijyb looks as sick as possible!
Ijyb zaps a wand.
The puff of flame hits you.
You die...

#.# .. #.######.##
.......... #.######.#
#.######.# #........#
####†...##
...#....################
................@...g..##
...........###########..#
##.#. .#.#######.#
##.#...... #. #.# #..# #.
#.# ##.# #.# .# #.# ..
#.# #.# ..# ..


You could see Ijyb (extremely poisoned).

Vanquished Creatures
  A scorpion (D:4)
  A water moccasin skeleton (D:3)
  2 gnolls (D:2)
  3 adders
  3 worms
  5 dart slugs
  8 bats
  2 endoplasms
  3 giant cockroaches
  7 goblins
  6 hobgoblins
  3 jackals (D:2)
  6 kobolds
  4 quokkas (D:2)
  6 ball pythons
  2 frilled lizards
  3 rats
65 creatures vanquished.

Vanquished Creatures (others)
  8 plants (D:2)
8 creatures vanquished.

Grand Total: 73 creatures vanquished

Notes
Turn   | Place    | Note
-------+----------+-------------------------------------------
     0 | D:1      | pkoi the Demigod Venom Mage began the quest for the Orb.
     0 | D:1      | Reached XP level 1. HP: 14/14 MP: 5/5
   285 | D:1      | Reached skill level 1 in Unarmed Combat
   285 | D:1      | Reached skill level 3 in Poison Magic
   359 | D:1      | Reached XP level 2. HP: 17/20 MP: 1/7
  1215 | D:1      | Reached XP level 3. HP: 23/26 MP: 3/8
  1218 | D:1      | Learned a level 2 spell: Poisonous Vapours
  1812 | D:2      | Identified the +2 ring mail of the Solstice {rElec Will+
                  | Str+4 Dex-4}
  2308 | D:2      | Reached XP level 4. HP: 33/33 MP: 4/9
  2984 | D:3      | Learned a level 3 spell: Mephitic Cloud
  3095 | D:3      | Reached skill level 1 in Armour
  3392 | D:3      | Reached skill level 4 in Poison Magic
  3625 | D:3      | Reached XP level 5. HP: 17/38 MP: 8/10
  4524 | D:4      | Noticed Ijyb
  4536 | D:4      | HP: 1/38 [Ijyb/puff of flame (10)]
  4537 | D:4      | Killed from afar by Ijyb

Illustrated notes

Levels and vault maps discovered:
D:1:      lemuel_arrival_funnel, layout_loops_cross, st_stairs_8
D:2:      wad_woods_tower, layout_basic, shapermc_ecumenical_altar_gd,
          minmay_octomino_e4
D:3:      layout_basic
D:4:      layout_basic, minmay_temple_entry_tees, uniq_ijyb

Skill      XL: |  1  2  3  4 |
---------------+-------------+-----
Unarmed Combat | 1 2 |  2.9
Poison Magic   | 3 4 |  4.5
Armour         | 1 |  1.7
Dodging        | |  1.7
Stealth        | |  1.7
Spellcasting   | |  1.7
Transmutations | |  0.8

Action                   |  1- 3 |  4- 6 || total
-------------------------+-------+-------++-------
Melee: Trident           |    11 |     8 ||    19
 Cast: Sting             |    89 |    42 ||   131
       Poisonous Vapours |       |     6 ||     6
  Use: Scroll            |     4 |     5 ||     9
Armor: Robe              |    20 |     3 ||    23
Dodge: Dodged            |    33 |    21 ||    54
